 Dungeon Crawl Stone Soup version 0.19-a0-1834-g6b7851e (webtiles) character file.

451 dobroeutro the Ruffian (level 6, -1/65 HPs)
             Began as a Troll Monk on Oct 9, 2016.
             Slain by dobroeutro's ghost (17 damage)
             ... on level 4 of the Dungeon.
             The game lasted 00:04:13 (2297 turns).

dobroeutro the Ruffian (Troll Monk)                 Turns: 2297, Time: 00:04:14

Health: -1/65      AC:  6    Str: 22    XL:     6   Next: 75%
Magic:  5/5        EV: 10    Int:  6    God:
Gold:   103        SH:  0    Dex: 12    Spells: 0 memorised, 5 levels left

rFire  . . .     SeeInvis .       - Unarmed
rCold  . . .     Gourm    +     a - +0 robe
rNeg   . . .     Faith    .     (no shield)
rPois  .         Spirit   .     (helmet restricted)
rElec  .         Dismiss  .     q - +0 cloak
rCorr  .         Reflect  .     (gloves unavailable)
MR     .....     Harm     .     (boots unavailable)
Stlth  +.........               m - amulet of rage (curse)
                                (no ring)
                                g - ring of loudness (curse)

@: no status effects
A: unfitting armour, claws 3, fast metabolism 3, gourmand, regeneration 1,
shaggy fur 1, tough skin 2
a: Evoke Berserk Rage


You were on level 4 of the Dungeon.
You were very full.

You visited 1 branch of the dungeon, and saw 4 of its levels.

You collected 103 gold pieces.

Inventory:

Armour
 a - a +0 robe (worn)
 q - a +0 cloak (worn)
Jewellery
 g - a cursed ring of loudness (left claw)
 m - a cursed amulet of rage (around neck)
Scrolls
 c - 3 scrolls of remove curse {unknown}
 e - 9 scrolls of identify {unknown}
 i - 2 scrolls of random uselessness {unknown}
 j - 2 scrolls of enchant weapon {unknown}
 l - a scroll of immolation {unknown}
 t - a scroll of recharging {unknown}
 u - a scroll of fear {unknown}
 w - a scroll of magic mapping {unknown}
Potions
 d - a potion of degeneration {unknown}
 h - a potion of invisibility {unknown}
 k - 2 potions of agility {unknown}
 o - a potion of ambrosia {unknown}
 p - a potion of haste {unknown}
 s - a potion of curing {unknown}
Comestibles
 b - 5 bread rations
 f - a beef jerky
 n - 2 meat rations
 r - 3 chunks of flesh
 v - a slice of pizza


   Skills:
 + Level 4.8 Fighting
 - Level 2.4 Dodging
 - Level 1.0 Stealth
 + Level 5.8 Unarmed Combat


You had 5 spell levels left.
You didn't know any spells.

Dungeon Overview and Level Annotations

Branches:
Dungeon (4/15)
 Temple: D:4-7

Altars:
Elyvilon
Fedhas
Nemelex Xobeh
Ru

Annotations:
D:4 dobroeutro's ghost, amateur TrMo


Innate Abilities, Weirdness & Mutations

You are too large for most types of armour.
You have claws for hands.
Your metabolism is lightning-fast.
You like to eat raw meat.
Your natural rate of healing is unusually fast.
You are covered in fur. (AC +1)
You have very tough skin. (AC +2)


Message History

You barely miss dobroeutro's ghost.
Dobroeutro's ghost is severely damaged.
Dobroeutro's ghost hits you!
* * * LOW HITPOINT WARNING * * *
You are too injured to fight recklessly!
You are too injured to fight recklessly!
You are too injured to fight recklessly!
You are too injured to fight recklessly!
You are too injured to fight recklessly!
You are too injured to fight recklessly!
You are too injured to fight recklessly!
You are too injured to fight recklessly!
You are too injured to fight recklessly!
You are too injured to fight recklessly!
You claw dobroeutro's ghost!
Dobroeutro's ghost is almost destroyed.
You claw dobroeutro's ghost!
Dobroeutro's ghost is almost destroyed.
Dobroeutro's ghost hits you!
You die...

#.########..........#.#.........
#............................##.
#################...#.#.........
#.#.............
########.#####....#.#.#
#......#.# #..........
#......#.# #.....#.#.#
#.....W#.# #.........^
#..(..@#.#####+##.#.#.#
#.>....'...............
#......########.####### ########
#..# # ##.# # ####'### #
#......# # ######......# #
####...........# #


You could see dobroeutro's ghost.

Vanquished Creatures
  Edmund (D:3)
  A scorpion (D:4)
  A gnoll shaman (D:4)
  A hound (D:4)
  An orc priest (D:3)
  Crazy Yiuf (D:3)
  2 adders
  8 gnolls
  An ooze (D:2)
  A worm (D:2)
  5 orcs
  3 ball pythons
  7 bats
  A giant cockroach (D:2)
  13 goblins
  5 hobgoblins
  3 jackals (D:3)
  8 kobolds
  2 quokkas
  3 frilled lizards
  7 rats
75 creatures vanquished.

Notes
Turn   | Place    | Note
-------+----------+-------------------------------------------
     0 | D:1      | dobroeutro the Troll Monk began the quest for the Orb.
     0 | D:1      | Reached XP level 1. HP: 22/22 MP: 0/0
    64 | D:1      | Reached XP level 2. HP: 29/29 MP: 1/1
   737 | D:2      | Reached XP level 3. HP: 30/36 MP: 2/2
   842 | D:2      | Found a faded altar of an unknown god.
   845 | D:2      | Reached skill level 4 in Unarmed Combat
   996 | D:2      | Reached XP level 4. HP: 45/45 MP: 3/3
   997 | D:2      | Found a blossoming altar of Fedhas.
   997 | D:2      | Found a white marble altar of Elyvilon.
  1011 | D:2      | Found a sacrificial altar of Ru.
  1027 | D:2      | Found a sparkling altar of Nemelex Xobeh.
  1528 | D:3      | Found a runed door.
  1806 | D:3      | Noticed Crazy Yiuf
  1811 | D:3      | Killed Crazy Yiuf
  1811 | D:3      | Reached XP level 5. HP: 54/54 MP: 4/4
  1842 | D:4      | Noticed Edmund
  1859 | D:3      | Killed Edmund
  1859 | D:3      | Reached skill level 5 in Unarmed Combat
  1859 | D:3      | Reached XP level 6. HP: 10/63 MP: 5/5
  2282 | D:4      | Noticed dobroeutro's ghost (amateur TrMo)
  2297 | D:4      | Slain by dobroeutro's ghost

Vault maps used:
D:1:      dpeg_arrival_boxorama, serial_park_tiny_1
D:2:      grunt_temple_overflow_cloverleaf, ecumenical_altar_2
D:3:      first_bread, uniq_crazy_yiuf_cottage
D:4:      kennysheep_the_goblin_king, serial_glass, glass_columns_a,
          glass_columns_b, glass_columns_b, glass_columns_b, glass_columns_c,
          glass_columns_b, glass_columns_a, glass_columns_a, glass_columns_b,
          glass_columns_b, glass_columns_b, glass_columns_b, glass_columns_a,
          glass_columns_b, enter_ossuary_2, uniq_eustachio, uniq_edmund,
          uniq_duvessa

Skill      XL: |  1  2  3  4  5 |
---------------+----------------+-----
Fighting       | 3 4 |  4.8
Unarmed Combat | 4 5 |  5.8
Dodging        | |  2.4
Stealth        | |  1.0

Action                   |  1- 3 |  4- 6 || total
-------------------------+-------+-------++-------
Melee: Unarmed           |    79 |   111 ||   190
       Punch             |     1 |     5 ||     6
 Stab: Sleeping          |     1 |       ||     1
  Eat: Chunk             |     8 |    18 ||    26
Armor: Robe              |    22 |    43 ||    65
Dodge: Dodged            |    41 |    61 ||   102
